 Dungeon Crawl Stone Soup version 0.17-a0-77-gee7a2f2 (webtiles) character file.

414 Pikaro the Firebug (level 6, -2/45 HPs)
             Began as a Draconian Fire Elementalist on Mar 14, 2015.
             Engulfed by a cloud of flame (20 damage)
             ... on level 4 of the Dungeon.
             The game lasted 00:19:50 (5796 turns).

Pikaro the Firebug (Draconian Fire Elementalist)    Turns: 5796, Time: 00:19:51

Health: -2/45      AC:  9    Str: 11    XL:     6   Next: 60%
Magic:  1/10       EV: 12    Int: 17    God:
Gold:   161        SH:  0    Dex: 11    Spells: 4 memorised, 0 levels left

rFire  . . .     SeeInvis .     (no weapon)
rCold  . . .     Clarity  .     (armour unavailable)
rNeg   . . .     SustAb   .     (no shield)
rPois  .         Gourm    .     (helmet restricted)
rElec  .         Spirit   .     n - +2 cloak
rCorr  .         Warding  .     (no gloves)
rMut   .         Stasis   .     (no boots)
MR     .....                    (no amulet)
Stlth  ++........               (no ring)
                                m - +3 ring of slaying

@: not resistant to hostile enchantments, unstealthy
A: unfitting armour, cold-blooded, AC +6
a: no special abilities


You were on level 4 of the Dungeon.
You were not hungry.

You visited 1 branch of the dungeon, and saw 4 of its levels.

You collected 161 gold pieces.

Inventory:

Missiles
 g - 14 poisoned needles
Armour
 n - a +2 cloak (worn)
   (You found it on level 2 of the Dungeon)
Magical staves
 u - an uncursed staff of power {unknown}
   (You found it on level 3 of the Dungeon)
Rods
 q - a +2 rod of clouds (11/11)
   (You found it on level 3 of the Dungeon)
Jewellery
 m - a +3 ring of slaying (left hand)
   (You found it on level 2 of the Dungeon)
Magical devices
 l - a wand of polymorph (11)
   (You found it on level 2 of the Dungeon)
Scrolls
 f - 2 scrolls of enchant weapon
 h - 3 scrolls of remove curse
 o - a scroll of magic mapping {unknown}
 p - a scroll of identify
 s - a scroll of teleportation {unknown}
 v - a scroll of enchant armour {unknown}
Potions
 d - a potion of degeneration {!q}
 e - a potion of haste
 i - a potion of magic
 j - a potion of restore abilities
 k - a potion of curing
 r - 2 potions of brilliance {unknown}
Books
 b - a book of Flames
Comestibles
 a - a chunk of flesh
 c - 2 bread rations
 t - a beef jerky


   Skills:
 - Level 1.7 Dodging
 - Level 1.7 Stealth
 - Level 2.0 Spellcasting
 - Level 1.0 Conjurations
 + Level 7.5 Fire Magic


You couldn't memorise any spells.
You knew the following spells:

 Your Spells              Type           Power        Failure   Level  Hunger
a - Flame Tongue          Conj/Fire      ###..        3%          1    #......
A - Throw Flame           Conj/Fire      ###...       6%          2    ###....
B - Conjure Flame         Conj/Fire      ###.....     12%         3    ###....
C - Inner Flame           Hex/Fire       ##......     14%         3    ###....


Dungeon Overview and Level Annotations

Branches:
Dungeon (4/15)
 Temple: D:4-7

Altars:
Cheibriados
Dithmenos
Elyvilon
Fedhas
Qazlal


Innate Abilities, Weirdness & Mutations

Your plain brown scales are hard (AC +6).
Your body does not fit into most forms of armour.
Your cold-blooded metabolism reacts poorly to cold.


Message History

You kill the ball python!
You now have 8/10 mp.
No target in view!
No target in view!
You see here a giant newt corpse.
You butcher the giant newt corpse.
a - a chunk of flesh You start resting.
MP restored: 10; Total turns waited: 11
t - a beef jerky
Found a snail-covered altar of Cheibriados.
u - a thick smoking staff A hobgoblin comes into view.
Aim: a hobgoblin The flame tongue hits the hobgoblin.
You kill the hobgoblin!
You now have 9/10 mp.
No target in view!
You start resting.
MP restored: 10; Total turns waited: 7
v - a scroll labeled KEZAAS HIGE You fall through a shaft!
The shaft crumbles and collapses.
A giant gecko and 2 gnolls come into view.
The gnoll shouts!
Unknown command.
A giant newt and a skeleton come into view.
A quokka skeleton comes into view.
The centaur skeleton hits you but does no damage.
The centaur skeleton closely misses you.
The giant newt misses you. The centaur skeleton hits you!
You take 7 damage, and have 38/45 hp.
The giant gecko barely misses you.
The centaur skeleton closely misses you.
The quokka skeleton bites you but does no damage.
The quokka skeleton closely misses you.
Found a stormy altar of Qazlal.
An adder comes into view.
The adder bites you but does no damage. The adder bites you but does no damage.
A giant cockroach comes into view.
The adder bites you but does no damage. The adder closely misses you.
The adder closely misses you. The adder misses you.
The giant newt hisses menacingly.
The adder bites you but does no damage. The adder bites you but does no damage.
A gnoll comes into view.
The adder misses you. The adder bites you.
You take 3 damage, and have 40/45 hp.
Aim: an adder The flame tongue hits the adder.
The adder completely misses you.
The giant gecko bites you but does no damage.
You now have 9/10 mp.
Aim: an adder (severely wounded)
The flame tongue misses the adder.
The flame tongue hits the giant cockroach.
The adder closely misses you. The giant gecko misses you.
You now have 8/10 mp.
Aim: an adder (severely wounded)
The flame tongue misses the adder.
The flame tongue hits the giant cockroach.
You kill the giant cockroach!
The adder bites you but does no damage. The giant gecko misses you.
The adder misses you.
You now have 7/10 mp.
Aim: an adder (severely wounded)
The flame tongue hits the adder.
You kill the adder!
The giant gecko misses you.
You now have 6/10 mp.
Aim: a giant gecko (clinging)
The flame tongue misses the giant gecko.
The giant gecko barely misses you. The giant newt barely misses you.
You now have 5/10 mp.
Aim: a giant gecko (clinging)
The flame tongue misses the giant gecko.
The giant gecko barely misses you.
The giant newt bites you but does no damage.
The giant gecko misses you.
You now have 4/10 mp.
Aim: a giant newt (chance 82%)
The giant newt is filled with an inner flame.
The giant newt misses you.
The giant gecko bites you but does no damage.
You now have 1/10 mp.
The giant gecko closely misses you. The giant gecko barely misses you.
Aim: a giant newt (inner flame)
The flame tongue hits the giant newt.
The giant newt explodes!
The fiery explosion engulfs the giant gecko.
You kill the giant gecko!
The fiery explosion engulfs you!
Ouch! That really hurt!
The fiery explosion engulfs the centaur skeleton.
You are engulfed in roaring flames.
You die...

#.#.#.#.......###.
..................##.
#.#.#.#.#.........##.
.............#...##. #.#
#.#.#.#.....##...... ....
...................
.#.#.#.#.#...........g..
........:.............g..
.#.#.#.#@#....#..####.###
........§§....#..##.....#
.......§Z§..Z††..#.......
............##..#.......
##############......_g..
#s.#....... #.l#.....Z.
#$g##.....# #..####.###


You could see a quokka skeleton and a centaur skeleton.

Vanquished Creatures
  The ghost of Pikaro the Chucker, an average OgAM (D:3)
  An orc priest (D:3)
  An orc wizard (D:3)
  Ijyb (D:3)
  7 gnolls
  11 adders
  A worm (D:2)
  4 giant geckos
  8 orcs
  3 ball pythons
  4 hobgoblins
  5 jackals
  4 quokkas
  3 bats
  4 giant cockroaches
  3 giant newts
  7 goblins
  9 kobolds
  7 rats
84 creatures vanquished.

Notes
Turn   | Place    | Note
--------------------------------------------------------------
     0 | D:1      | Pikaro, the Draconian Fire Elementalist, began the quest for the Orb.
     0 | D:1      | Reached XP level 1. HP: 14/14 MP: 3/3
   453 | D:1      | Reached XP level 2. HP: 12/20 MP: 0/4
  1208 | D:2      | Reached skill level 4 in Fire Magic
  1365 | D:2      | Reached XP level 3. HP: 22/26 MP: 0/6
  1941 | D:1      | Reached skill level 5 in Fire Magic
  1941 | D:1      | Reached XP level 4. HP: 27/33 MP: 1/7
  1947 | D:1      | Learned a level 2 spell: Throw Flame
  1951 | D:1      | Learned a level 3 spell: Conjure Flame
  2163 | D:2      | Found a blossoming altar of Fedhas.
  2231 | D:2      | Found a white marble altar of Elyvilon.
  2680 | D:2      | Reached XP level 5. HP: 10/38 MP: 1/9
  3014 | D:3      | Noticed Pikaro's ghost (average OgAM)
  3104 | D:2      | Reached skill level 6 in Fire Magic
  3647 | D:3      | Killed Pikaro's ghost
  3647 | D:3      | Reached XP level 6. HP: 28/45 MP: 1/10
  4132 | D:3      | Found a shadowy altar of Dithmenos.
  4193 | D:3      | Reached skill level 7 in Fire Magic
  4547 | D:3      | Noticed Ijyb
  4553 | D:3      | Killed Ijyb
  5499 | D:2      | Learned a level 3 spell: Inner Flame
  5672 | D:3      | Found a snail-covered altar of Cheibriados.
  5741 | D:3      | You fall through a shaft!
  5751 | D:4      | Found a stormy altar of Qazlal.
  5796 | D:4      | Engulfed by a cloud of flame

Action                   |  1- 3 |  4- 6 || total
-------------------------+-------+-------++-------
Melee: Unarmed           |    20 |    13 ||    33
 Cast: Flame Tongue      |    49 |   142 ||   191
       Inner Flame       |       |     1 ||     1
  Use: Scroll            |     8 |       ||     8
  Eat: Chunk             |     3 |    15 ||    18

Vault maps used:
D:1:      onia_arrival_pentagram
D:2:      elyvilon_altar_3, fedhas_altar_3
D:3:      lemuel_doored_altar, old_standard_altar, first_bread, uniq_iyjb
D:4:      grunt_temple_overflow_opulence, old_standard_altar, hex_large,
          minmay_divided_ellipse

Table legend:
 A = Turns spent in this place as a percentage of turns spent in the entire game.
 B = Non-inter-level travel turns spent in this place as a percentage of non-inter-level travel turns spent in the entire game.
 C = Inter-level travel turns spent in this place as a percentage of turns spent in this place.
 D = Turns resting spent in this place as a percentage of non-inter-level travel turns spent in this place.
 E = Turns spent auto-exploring this place as a percentage of non-inter-level travel turns spent in this place.
 F = Non-inter-level travel turns spent in this place divided by the number of levels of this place that you've seen.
                   A       B       C       D       E      F
               +-------+-------+-------+-------+-------+----------------------
         Total | 100.0 | 100.0 |   0.1 |  10.3 |   5.6 | 334.0
       Dungeon | 100.0 | 100.0 |   0.1 |  10.3 |   5.6 | 334.0
               +-------+-------+-------+-------+-------+----------------------

Table legend:
 A = Kills in this place as a percentage of kills in entire the game.
 B = Kills by you in this place as a percentage of kills by you in the entire game.
 C = Kills by friends in this place as a percentage of kills by friends in the entire game.
 D = Other kills in this place as a percentage of other kills in the entire game.
 E = Experience gained in this place as a percentage of experience gained in the entire game.
 F = Experience gained in this place divided by the number of levels of this place that you have seen.
                   A       B       C       D       E      F
               +-------+-------+-------+-------+-------+----------------------
         Total | 100.0 | 100.0 |  -nan |  -nan | 100.0 | 148.0
       Dungeon | 100.0 | 100.0 |  -nan |  -nan | 100.0 | 148.0
               +-------+-------+-------+-------+-------+----------------------
